 Dungeon Crawl Stone Soup version 0.20.0-15-g7f486f2 (webtiles) character file.

18540 Omegatherion the Basher (level 12, -3/80 HPs)
             Began as a Gargoyle Monk on June 28, 2017.
             Was a High Priest of the Shining One.
             Slain by an ice devil (16 damage)
             ... in an ice cave.
             The game lasted 00:39:22 (11076 turns).

Omegatherion the Basher (Gargoyle Monk)            Turns: 11076, Time: 00:39:23

Health: -3/80      AC: 31    Str: 20    XL:     12   Next: 59%
Magic:  19/19      EV: 12    Int: 13    God:    the Shining One [*****.]
Gold:   620        SH:  3    Dex: 12    Spells: 11/11 levels left

rFire    + + .     SeeInvis .   B - +9 mace "Hell-Harrower" {protect, rElec Int+2}
rCold    . . .     Gourm    .   (no shield)
rNeg     + + +     Faith    .   a - +4 ring mail {rF+}
rPois    ∞         Spirit   .   I - +0 helmet
rElec    +         Reflect  +   Y - scarf {cloud immunity}
rCorr    .         Harm     .   t - +0 pair of gloves
MR       +....                  N - +0 pair of boots
Stlth    +.........             E - +3 amulet of reflection
Regen    0.3/turn               x - ring of protection from magic
MPRegen  0.2/turn               X - ring of protection from fire

@: protection aura, glowing
A: blurry vision 1, mutation resistance 1, negative energy resistance 1,
electricity resistance, unbreathing, petrification resistance, rot immunity, AC
+8
a: Divine Shield, Cleansing Flame, Summon Divine Warrior, Renounce Religion


You were in an ice cave.
You worshipped the Shining One.
The Shining One was extremely pleased with you.
You were not hungry.

You visited 1 branch of the dungeon, and saw 12 of its levels.
You also visited: Sewer and Ice Cave.

You collected 620 gold pieces.

Inventory:

Hand Weapons
 B - the +9 mace "Hell-Harrower" (weapon) {protect, rElec Int+2}
   (You found it on level 4 of the Dungeon)

   It protects the one who uses it against injury (+AC on strike).
   It affects your intelligence (+2).
   It insulates you from electricity.
 D - a +0 flail of protection
 P - a +0 morningstar
 V - a +0 hand axe of electrocution
Missiles
 U - 15 tomahawks (quivered)
Armour
 a - a +4 ring mail of fire resistance (worn)
 k - a +2 ring mail of positive energy
 t - a +0 pair of gloves (worn)
 A - a +0 plate armour
 C - a +1 cloak
 I - a +0 helmet (worn)
 K - a +3 leather armour
 N - a +0 pair of boots (worn)
 T - a +0 leather armour of poison resistance
 W - a +0 troll leather armour
 Y - a scarf of cloud immunity (worn)
Jewellery
 x - a ring of protection from magic (left hand)
 E - a +3 amulet of reflection (around neck)
 R - an uncursed ring of fire
 X - a ring of protection from fire (right hand)
Wands
 n - a wand of polymorph (11/24)
 M - a wand of polymorph (1/24)
 S - a wand of confusion (12/48)
Scrolls
 f - 3 scrolls of fear
 i - 2 scrolls of identify
 l - 2 scrolls of immolation
 m - a scroll of amnesia
 o - a scroll of torment {unknown}
 q - 5 scrolls of teleportation {unknown}
 r - 9 scrolls of remove curse
 s - 3 scrolls of enchant weapon {unknown}
 u - a scroll of random uselessness
 w - a scroll of magic mapping
 y - 2 scrolls of fog {unknown}
 G - a scroll of noise {unknown}
 L - a scroll of blinking {unknown}
 O - 2 scrolls of enchant armour {unknown}
Potions
 d - 2 potions of flight
 e - 4 potions of curing
 g - 2 potions of haste
 h - 3 potions of brilliance
 v - 4 potions of lignification
 J - 2 potions of magic
 Q - 2 potions of heal wounds
Books
 b - a book of Flames

   Spells                             Type                      Level
   a - Flame Tongue                   Conjuration/Fire             1
   b - Throw Flame                    Conjuration/Fire             2
   c - Conjure Flame                  Conjuration/Fire             3
   d - Inner Flame                    Hexes/Fire                   3
   e - Sticky Flame                   Conjuration/Fire             4
   f - Fireball                       Conjuration/Fire             5
 j - a book of Party Tricks

   Spells                             Type                      Level
   a - Summon Butterflies             Summoning                    1
   b - Apportation                    Translocation                1
   c - Lesser Beckoning               Translocation                3
   d - Tukima's Dance                 Hexes                        3
   e - Alistair's Intoxication        Transmutation/Poison         5
   f - Invisibility                   Hexes                        6
 Z - a book of Cantrips

   Spells                             Type                      Level
   a - Confusing Touch                Hexes                        1
   b - Animate Skeleton               Necromancy                   1
   c - Summon Small Mammal            Summoning                    1
   d - Apportation                    Translocation                1
Comestibles
 c - 12 bread rations
 p - 19 royal jellies
 F - 9 fruits
 H - 3 meat rations


   Skills:
 + Level 11.2 Fighting
 * Level 11.9 Maces & Flails
 + Level 10.6 Armour
 - Level 2.5 Dodging
 - Level 2.2 Stealth
 + Level 10.3 Invocations


You had 11 spell levels left.
You didn't know any spells.

Dungeon Overview and Level Annotations

Branches:
Dungeon (12/15)            Temple (0/1) D:7            Lair (0/6) D:9
    Orc (0/2) D:10

Altars:
Dithmenos
Elyvilon
Fedhas
Gozag
Nemelex Xobeh
Uskayaw
Zin
The Shining One
Jiyva

Annotations:
IceCv exclusion: 2 ice statues


Innate Abilities, Weirdness & Mutations

You are resistant to torment.
Your stone body is resilient. (AC +8)
You are immune to poison.
You resist negative energy. (rN+)
You are resistant to electric shocks. (rElec)
You can survive without breathing.
You are immune to petrification.
You are immune to rotting.
Scrolls take you a little longer to read.
You are somewhat resistant to further mutation.


Message History

You barely miss the ice devil.
The ice devil is heavily wounded.
You sock the ice devil!
The ice devil is severely wounded.
The ice devil hits you but does no damage.
You hit the ice devil.
The ice devil is severely wounded.
The ice devil hits you but does no damage.
You hit the ice devil.
The ice devil is almost dead.
The ice devil closely misses you.
You hit the ice devil but do no damage.
The ice devil is almost dead.
The ice devil misses you.
You barely miss the ice devil.
The ice devil is almost dead.
The ice devil hits you.
* * * LOW HITPOINT WARNING * * *
The ice devil freezes you!
You die...

##.............##
#...............#
#...............#
#.......⌠.......#
#...............#
#...............#
##.............##
#.####...####.#
###44#.@.#44###
#.4##4##4.#
##+#...#+## #...#
###...###
#.#...#.#
###'#...#'###
#.'.......'.#
###.8...8.###


You could see an ice devil.

Vanquished Creatures
  The ghost of KleinerIrrer the Fencer, a journeyman MiFi of the Shining One (D:11)
  Harold (D:10)
  3 two-headed ogres (D:9)
  The ghost of reel the Bludgeoner, a novice MiBe of Trog (D:8)
  2 unseen horrors (D:10)
  A manticore (D:10)
  An ice statue (IceCv)
  Joseph (D:8)
  3 gargoyles
  5 ice devils (IceCv)
  2 trolls
  A slime creature (D:11)
  A hornet (D:12)
  4 hippogriffs
  Sigmund (D:5)
  2 wyverns
  5 yaks (D:9)
  3 hungry ghosts
  Menkaure (D:7)
  A soldier ant (D:11)
  3 water moccasins
  3 orc warriors
  4 sky beasts
  13 ice beasts
  2 necrophages
  7 centaurs
  9 ogres
  A crocodile (D:9)
  6 big kobolds
  7 bullfrogs
  A gnoll sergeant (D:9)
  3 scorpions
  2 draconian simulacra (IceCv)
  A bullfrog zombie (D:7)
  7 crimson imps
  9 jellies
  5 orc priests
  5 hounds
  Crazy Yiuf (D:4)
  A gnoll shaman (D:4)
  2 bullfrog skeletons
  3 centaur skeletons
  4 iguanas
  5 orc wizards
  9 worker ants
  2 spriggan simulacra (IceCv)
  A worker ant zombie (D:4)
  3 howler monkey skeletons
  11 gnolls
  22 adders
  5 naga simulacra (IceCv)
  An ogre simulacrum (IceCv)
  3 river rats (Sewer)
  A shadow imp (D:9)
  10 oozes
  An adder zombie (D:5)
  11 worms
  3 dart slugs
  4 leopard geckos
  32 orcs
  4 ball pythons
  9 bats
  7 giant cockroaches
  7 goblins
  12 hobgoblins
  13 jackals
  12 kobolds
  4 quokkas
  9 frilled lizards
  2 giant cockroach zombies
  2 leopard gecko skeletons
  A leopard gecko zombie (D:6)
  11 rats
356 creatures vanquished.

Notes
Turn   | Place    | Note
-------+----------+-------------------------------------------
     0 | D:1      | Omegatherion the Gargoyle Monk began the quest for the Orb.
     0 | D:1      | Reached XP level 1. HP: 14/14 MP: 1/1
    61 | D:1      | Reached XP level 2. HP: 10/19 MP: 2/2
   372 | D:1      | Reached XP level 3. HP: 12/23 MP: 3/3
   523 | D:1      | Reached skill level 1 in Armour
   905 | D:2      | Found a glowing golden altar of the Shining One.
   915 | D:2      | Became a worshipper of the Shining One
   915 | D:2      | Reached * piety under the Shining One
   915 | D:2      | Reached ** piety under the Shining One
  1094 | D:2      | Reached XP level 4. HP: 29/29 MP: 4/4
  1101 | D:2      | Found an opulent altar of Gozag.
  1238 | D:2      | Reached skill level 1 in Invocations
  1714 | D:3      | Reached XP level 5. HP: 33/33 MP: 6/6
  1919 | D:3      | Found a shadowy altar of Dithmenos.
  2264 | D:4      | Reached XP level 6. HP: 28/39 MP: 7/7
  2355 | D:4      | Reached skill level 5 in Fighting
  2362 | D:4      | Found a glowing drain.
  2380 | Sewer    | Entered a sewer
  2700 | Sewer    | Reached XP level 7. HP: 44/44 MP: 9/9
  2915 | Sewer    | Reached skill level 5 in Maces & Flails
  3360 | D:4      | Reached XP level 8. HP: 28/51 MP: 11/11
  3822 | D:4      | Found a runed door.
  4104 | D:4      | Noticed Crazy Yiuf
  4117 | D:4      | Killed Crazy Yiuf
  4122 | D:4      | Got a blackened mace
  4123 | D:4      | Identified the +9 mace "Hell-Harrower" {protect, rElec Int+2} (You found it on level 4 of the Dungeon)
  4182 | D:5      | Entered Level 5 of the Dungeon
  4255 | D:5      | Reached skill level 5 in Invocations
  4338 | D:5      | Found a glowing silver altar of Zin.
  4406 | D:5      | Reached *** piety under the Shining One
  4463 | D:5      | Noticed Sigmund
  4467 | D:5      | Killed Sigmund
  4467 | D:5      | Reached skill level 5 in Armour
  4610 | D:5      | Noticed a wyvern
  4615 | D:5      | Killed a wyvern
  4618 | D:5      | Reached XP level 9. HP: 37/56 MP: 13/13
  5522 | D:7      | Found a hide-covered altar of Uskayaw.
  5598 | D:7      | Noticed Menkaure
  5606 | D:7      | Killed Menkaure
  5755 | D:7      | Found a blossoming altar of Fedhas.
  5802 | D:7      | Found a staircase to the Ecumenical Temple.
  5928 | D:7      | Found a sparkling altar of Nemelex Xobeh.
  6136 | D:8      | Reached **** piety under the Shining One
  6511 | D:8      | Reached XP level 10. HP: 62/64 MP: 15/15
  6633 | D:8      | Noticed reel's ghost (novice MiBe)
  6644 | D:9      | Noticed a two-headed ogre
  6654 | D:9      | Killed a two-headed ogre
  6892 | D:8      | Killed reel's ghost
  7106 | D:8      | Found a white marble altar of Elyvilon.
  7116 | D:8      | Noticed Joseph
  7133 | D:8      | Killed Joseph
  7216 | D:8      | Found a viscous altar of Jiyva.
  7720 | D:9      | Reached XP level 11. HP: 54/71 MP: 17/17
  7823 | D:9      | Gained mutation: Scrolls take you a little longer to read. [mutagenic meat]
  7824 | D:9      | Gained mutation: You are somewhat resistant to further mutation. [mutagenic meat]
  8041 | D:9      | Noticed a two-headed ogre
  8365 | D:9      | Found a staircase to the Lair.
  8471 | D:9      | Reached ***** piety under the Shining One
  8519 | D:9      | Noticed a two-headed ogre
  8530 | D:9      | Killed a two-headed ogre
  8530 | D:9      | Reached skill level 10 in Maces & Flails
  8674 | D:9      | Killed a two-headed ogre
  8674 | D:9      | Reached skill level 10 in Fighting
  8732 | D:10     | Entered Level 10 of the Dungeon
  8952 | D:10     | Noticed an unseen horror
  8967 | D:10     | Killed an unseen horror
  8981 | D:10     | Noticed Harold
  9005 | D:10     | Killed Harold
  9079 | D:10     | Found a staircase to the Orcish Mines.
  9115 | D:10     | Noticed a manticore
  9128 | D:10     | Killed a manticore
  9294 | D:10     | Noticed an unseen horror
  9303 | D:10     | Killed an unseen horror
  9592 | D:11     | Reached XP level 12. HP: 70/78 MP: 19/19
  9645 | D:11     | Reached skill level 10 in Armour
  9727 | D:11     | Noticed KleinerIrrer's ghost (journeyman MiFi)
  9756 | D:11     | Killed KleinerIrrer's ghost
  9810 | D:11     | Reached skill level 10 in Invocations
 10174 | D:11     | Found a frozen archway.
 10234 | IceCv    | Entered an ice cave
 11076 | IceCv    | Slain by an ice devil

Skill      XL: |  1  2  3  4  5  6  7  8  9 10 11 12 |
---------------+-------------------------------------+-----
Armour         | 1 2 3 4 5 7 8 9 10 | 10.6
Fighting       | 4 5 6 8 9 10 11 | 11.2
Invocations    | 1 2 3 4 5 7 8 9 10 | 10.3
Maces & Flails | 4 5 6 7 9 11 | 11.9
Dodging        | |  2.5
Stealth        | |  2.2

Action                   |  1- 3 |  4- 6 |  7- 9 | 10-12 || total
-------------------------+-------+-------+-------+-------++-------
Melee: Mace              |   122 |   241 |   406 |   696 ||  1465
  Use: Potion            |       |       |     9 |       ||     9
       Scroll            |       |       |       |     6 ||     6
 Stab: Sleeping          |     4 |       |       |       ||     4
  Eat: Chunk             |       |     6 |    15 |    19 ||    40
       Meat ration       |       |       |       |     1 ||     1
Armor: Robe              |    52 |       |       |       ||    52
       Ring mail         |     3 |   139 |   180 |   300 ||   622
       Skin              |       |       |     8 |       ||     8
       Troll leather arm |       |       |       |    27 ||    27
Dodge: Dodged            |    89 |   147 |   239 |   320 ||   795
Block: Other             |       |       |    22 |    67 ||    89
       Reflection        |       |       |       |     2 ||     2
